 Dungeon Crawl Stone Soup version 0.27.1-1-g398f81649c (console) character file.

Game seed: 11846797874300992785

200 Theed the Chopper (level 5, 0/48 HPs)
             Began as a Hill Orc Monk on Sept 17, 2021.
             Was a Follower of Beogh.
             Slain by an orc (7 damage)
             ... on level 4 of the Dungeon.
             The game lasted 00:05:26 (3704 turns).

Theed the Chopper (Hill Orc Monk)                   Turns: 3704, Time: 00:05:27

Health: 0/48       AC:  9    Str: 15    XL:     5   Next: 79%
Magic:  5/5        EV: 10    Int: 16    God:    Beogh [*.....]
Gold:   133        SH:  0    Dex: 13    Spells: 4/4 levels left

rFire    . . .     SeeInvis .   a - +0 hand axe
rCold    . . .     Faith    .   (no shield)
rNeg     . . .     Spirit   .   m - +0 scale mail
rPois    .         Reflect  .   h - +0 helmet
rElec    .         Harm     .   (no cloak)
rCorr    .         Rampage  .   (no gloves)
Will     .....     Rnd*Rage +   (no boots)
Stlth    ..........             (no amulet)
HPRegen  0.16/turn              b - +6 ring of intelligence
MPRegen  0.09/turn              (no ring)

@: flying, very slightly contaminated, invisible
A: iridescent scales 1, berserk 1
a: Renounce Religion


You were on level 4 of the Dungeon.
You worshipped Beogh.
Beogh was aware of your devotion.
You visited 1 branch of the dungeon, and saw 5 of its levels.

You collected 133 gold pieces.

Inventory:

Hand Weapons
 a - a +0 hand axe (weapon)
Missiles
 i - 91 stones (quivered)
Armour
 h - a +0 helmet (worn)
 m - a +0 scale mail (worn)
Jewellery
 b - a +6 ring of intelligence (left hand)
 n - a ring of see invisible
Wands
 j - a wand of flame (12)
Potions
 c - 2 potions of attraction
 g - a potion of lignification {unknown}
 k - a potion of heal wounds {unknown}
 l - a potion of degeneration {unknown}


   Skills:
 + Level 5.3 Fighting
 + Level 5.7 Axes
 + Level 3.1 Armour
 - Level 2.4 Dodging
 - Level 1.5 Stealth
 + Level 0.3 Invocations


You had 4 spell levels left.
You didn't know any spells.
Your spell library contained the following spells:

 Spells                   Type           Power      Damage    Failure   Level
 Blink                    Tloc           N/A        N/A       82%         2
 Lesser Beckoning         Tloc           0%         N/A       96%         3
 Manifold Assault         Tloc           0%         N/A       100%        5


Dungeon Overview and Level Annotations

Branches:
Dungeon (5/15)
 Temple: D:4-7

Altars:
Zin


Innate Abilities, Weirdness & Mutations

You are partially covered in iridescent scales. (AC +2)
You tend to lose your temper in combat.


Message History

You barely miss the orc. You hit the orc but do no damage.
The orc wizard gestures wildly while chanting.
The orc wizard flickers and vanishes!
Deactivating autopickup; reactivate with Ctrl-A.
The orc barely misses you. The orc hits you but does no damage.
You feel less confused.
You miss something. You hit the orc. Something hits you but does no damage.
The orc barely misses you.
You miss something. You hit the orc but do no damage. You hit the orc.
You kill the orc!
Beogh accepts your kill. Something hits you.
The orc hits you but does no damage.
You hit something but do no damage. You barely miss the orc.
Something hits you.
The orc hits you with a +0 flail of protection.
You hit something but do no damage. You barely miss the orc.
Something hits you.
The orc hits you with a +0 flail of protection.
* * * LOW HITPOINT WARNING * * *
It was a potion of flight.
You feel very buoyant.
You fly up into the air.
Something hits you but does no damage.
The orc hits you with a +0 flail of protection.
* * * LOW HITPOINT WARNING * * *
It was a potion of invisibility.
You fade into invisibility!
Something hits you but does no damage. The orc misses you.
You are very lightly contaminated with residual magic.
It was a potion of mutation.
You feel extremely strange.
You feel a little pissed off.
Iridescent scales grow over part of your body.
Something hits you but does no damage. The orc barely misses you.
There is a stone staircase leading up here.
The orc hits you with a +0 flail of protection.
* * * LOW HITPOINT WARNING * * *
You fly upwards.
Reactivating autopickup.
There is a stone staircase leading down here.
You hit the orc but do no damage. The orc closely misses you.
You closely miss the orc.
The orc hits you with a +0 flail of protection!
You die...

............##........#...#......
..#...............#..###.........
.###......#.......#...###.#......
..........##....###....####......
..##.....####..###.......#..##...
..........#.#...##...........#...
................##........##.#...
........................#..#.###.
..........#.##..........#....#...
.......#........@o......#........
.......#.#.###...........##..####
....##...#.# ##..............# #
.........#.# #......##......####
##......#..####....).......#..#..
.#.................#.###...#....>
....#...#.....#....#.##....#...##
..####..##...####)##.............
...###..#....>..#.##.........##..
#..........###....##.##..........


You could see an orc.

Vanquished Creatures
  A hound (D:3)
  An iguana (D:4)
  An orc wizard (D:4)
  Robin (D:3)
  5 adders
  An ufetubus (D:5)
  2 adder skeletons
  A worm (D:2)
  3 dart slugs
  An orc (D:5)
  6 endoplasms
  3 giant cockroaches
  15 goblins
  6 hobgoblins
  4 ball pythons
  8 bats
  3 frilled lizards
  2 kobolds
  2 rats
66 creatures vanquished.

Vanquished Creatures (others)
  An orc priest (D:4)
  An orc wizard (D:4)
  A howler monkey skeleton (D:4)
  2 orcs (D:4)
  A goblin (D:4)
6 creatures vanquished.

Grand Total: 72 creatures vanquished

Notes
Turn   | Place    | Note
-------+----------+-------------------------------------------
     0 | D:1      | Theed the Hill Orc Monk began the quest for the Orb.
     0 | D:1      | Reached XP level 1. HP: 19/19 MP: 1/1
   318 | D:1      | Reached XP level 2. HP: 27/27 MP: 2/2
   416 | D:1      | Reached skill level 1 in Armour
   560 | D:1      | Found a faded altar of an unknown god.
   863 | D:2      | Reached XP level 3. HP: 27/33 MP: 3/3
  1810 | D:3      | Reached XP level 4. HP: 25/41 MP: 4/4
  2139 | D:3      | Reached skill level 5 in Axes
  2194 | D:3      | Noticed Robin
  2208 | D:3      | Killed Robin
  2469 | D:3      | Reached skill level 5 in Fighting
  2469 | D:3      | Reached XP level 5. HP: 20/48 MP: 5/5
  2695 | D:3      | Found a glowing silver altar of Zin.
  3077 | D:4      | Became a worshipper of Beogh the Brigand
  3077 | D:4      | Reached * piety under Beogh
  3077 | D:4      | Reached ** piety under Beogh
  3546 | D:5      | Entered Level 5 of the Dungeon
  3699 | D:5      | Gained mutation: You tend to lose your temper in combat.
                  | [potion of mutation]
  3699 | D:5      | Gained mutation: You are partially covered in iridescent
                  | scales. (AC +2) [potion of mutation]
  3704 | D:4      | Slain by an orc

Illustrated notes

Levels and vault maps discovered:
D:1:      evilmike_arrival_fibonacci_small, layout_basic,
          shapermc_ecumenical_altar_totnotflames
D:2:      layout_basic
D:3:      layout_rooms, zin_academy, uniq_robin
D:4:      layout_cave_pools, serial_park_tiny_2
D:5:      layout_gridville, fedhas_ov_isle_minmay, gammafunk_ghost_hive,
          grunt_decor_cap, uniq_duvessa

Skill      XL: |  1  2  3  4  5 |
---------------+----------------+-----
Armour         | 1 2 3 |  3.1
Fighting       | 4 5 |  5.3
Axes           | 5 |  5.7
Dodging        | |  2.4
Stealth        | |  1.5
Invocations    | |  0.3

Action                   |  1- 3 |  4- 6 || total
-------------------------+-------+-------++-------
Melee: Hand axe          |   102 |   184 ||   286
Invok: Convert to Beogh  |       |     1 ||     1
  Use: Scroll            |     2 |       ||     2
       Potion            |       |     3 ||     3
 Stab: Sleeping          |     3 |       ||     3
Armor: Robe              |    12 |       ||    12
       Ring mail         |    36 |    40 ||    76
       Scale mail        |       |    35 ||    35
Dodge: Dodged            |    66 |   113 ||   179
